 Dungeon Crawl Stone Soup version 0.24.0-125-gc4c63601f3 (webtiles) character file.

Game seed: 16951034069270762161, levelgen mode: deterministic

1225 Johnny the Digger (level 8, -6/57 HPs)
             Began as a Demigod Earth Elementalist on Mar 8, 2020.
             Killed from afar by Ijyb (9 damage)
             ... with a puff of flame
             ... on level 5 of the Dungeon.
             The game lasted 00:05:36 (4790 turns).

Johnny the Digger (Demigod Earth Elementalist)      Turns: 4790, Time: 00:05:36

Health: -6/57      AC:  7    Str:  8 (11) XL:     8   Next: 3%
Magic:  2/20       EV: 17    Int: 22 (23) God:
Gold:   373        SH:  6    Dex: 23 (24) Spells: 14/18 levels left

rFire    . . .     SeeInvis .   m - +0 whip (venom)
rCold    + . .     Gourm    +   a - +0 buckler
rNeg     . . .     Faith    .   c - +0 robe
rPois    .         Spirit   .   j - +0 helmet
rElec    .         Reflect  .   (no cloak)
rCorr    .         Harm     .   x - +1 pair of gloves
MR       .....                  s - +1 pair of boots
Stlth    ++........             v - amulet of the gourmand
HPRegen  0.19/turn              o - +3 ring of dexterity
MPRegen  0.17/turn              w - ring of attention (curse)

@: agile
A: cold resistance 1, high mp 1, mutation resistance 1
a: no special abilities


You were on level 5 of the Dungeon.
You were completely stuffed.

You visited 1 branch of the dungeon, and saw 5 of its levels.

You collected 373 gold pieces.

Inventory:

Hand Weapons
 m - a +0 whip of venom (weapon)
Armour
 a - a +0 buckler (worn)
 c - a +0 robe (worn)
 j - a +0 helmet (worn)
 s - a +1 pair of boots (worn)
 x - a +1 pair of gloves (worn)
Jewellery
 o - a +3 ring of dexterity (left hand)
 q - an uncursed ring of fire
 v - an amulet of the gourmand (around neck)
 w - a cursed ring of attention (right hand)
Scrolls
 g - a scroll of immolation
 k - 4 scrolls of amnesia
 l - a scroll of magic mapping {unknown}
 r - 2 scrolls of teleportation
 t - 2 scrolls of identify
 u - 2 scrolls of remove curse
Potions
 e - a potion of heal wounds {unknown}
 f - 2 potions of might
 h - 2 potions of flight
 i - 2 potions of degeneration
Comestibles
 d - 7 rations
 p - 3 chunks of flesh


   Skills:
 - Level 1.7 Dodging
 - Level 1.7 Stealth
 + Level 3.2 Shields
 + Level 5.6 Spellcasting
   Level 0.8 Transmutations
 + Level 6.4 Earth Magic


You had 14 spell levels left.
You knew the following spells:

 Your Spells              Type           Power        Failure   Level  Hunger
a - Sandblast             Erth           ####..       1%          1    None
b - Stone Arrow           Conj/Erth      ###...       9%          3    ##.....

Your spell library contained the following spells:

 Spells                   Type           Power        Failure   Level  Hunger
 Passwall                 Tmut/Erth      ###.....     3%          2    None
 Lee's Rapid Deconstruct  Erth           ####......   21%         5    #####..
 Petrify                  Tmut/Erth      ###.....     22%         4    ####...


Dungeon Overview and Level Annotations

Branches:
Dungeon (5/15)             Temple (0/1) D:4

Annotations:
D:5 1 runed translucent door, Crazy Yiuf, Ijyb


Innate Abilities, Weirdness & Mutations

You have an increased reservoir of magic. (+10% MP)
Your flesh is cold resistant. (rC+)
You are somewhat resistant to further mutation.


Message History

You feel very mighty all of a sudden. Ijyb hits you but does no damage.
Unknown command.
It was a potion of degeneration.
There was something very wrong with that liquid.
You feel weakened.
You feel dopey.
You feel clumsy.
Ijyb zaps a wand.
The puff of flame hits you.
* * * LOW HITPOINT WARNING * * *
Unknown command.
It was a potion of cancellation.
Your magical effects are unravelling.
You feel magically purged.
Your magical contamination has completely faded away.
You feel a little less mighty now. You block Ijyb's attack.
Unknown command.
It was a potion of agility.
You feel agile all of a sudden.
Ijyb zaps a wand.
The puff of flame hits you!
You die...

#. ..# .#.(# #. #... #..
#.# #..# ### ###.# #..#
... #...###..# #.#
.....##..# #.#
#.)...#..####.# #####
......†....)#.####.†....
#.........÷)..lg@).)....
#.............##########
...........<#.#
..............#
..........>.###
............#
............#
............#
....#######


You could see Ijyb and a leopard gecko.

Vanquished Creatures
  Grinder (D:3)
  Menkaure (D:5)
  2 ogres (D:4)
  The ghost of Frank2 the Cudgeler, an amateur DsGl of Qazlal (D:3)
  A centaur (D:5)
  A scorpion (D:4)
  A hound (D:5)
  An orc wizard (D:5)
  An orc priest (D:5)
  2 bullfrog skeletons (D:5)
  Jessica (D:3)
  Terence (D:3)
  2 worker ants
  Robin (D:2)
  6 gnolls
  8 adders
  2 shadow imps (D:5)
  5 worms
  3 dart slugs
  2 leopard geckos
  19 orcs
  8 bats
  3 giant cockroaches
  13 hobgoblins
  4 kobolds
  2 quokkas
  4 ball pythons
  9 frilled lizards
  10 goblins
  A quokka skeleton (D:4)
  8 rats
124 creatures vanquished.

Notes
Turn   | Place    | Note
-------+----------+-------------------------------------------
     0 | D:1      | Johnny the Demigod Earth Elementalist began the quest for
                  | the Orb.
     0 | D:1      | Reached XP level 1. HP: 14/14 MP: 5/5
   245 | D:1      | Reached skill level 3 in Earth Magic
   337 | D:1      | Reached XP level 2. HP: 20/20 MP: 4/7
   705 | D:2      | Noticed Robin
   937 | D:1      | Reached XP level 3. HP: 8/26 MP: 3/9
  1025 | D:2      | Killed Robin
  1142 | D:2      | Gained mutation: You are somewhat resistant to further
                  | mutation. [potion of mutation]
  1142 | D:2      | Gained mutation: Your flesh is cold resistant. (rC+)
                  | [potion of mutation]
  1270 | D:2      | Reached XP level 4. HP: 20/33 MP: 3/11
  1540 | D:2      | Learned a level 3 spell: Stone Arrow
  1915 | D:3      | Noticed Jessica
  1921 | D:3      | Killed Jessica
  1921 | D:3      | Reached skill level 4 in Earth Magic
  1923 | D:3      | Found a shimmering blue altar of Sif Muna.
  1994 | D:3      | Found a sparkling altar of Nemelex Xobeh.
  1994 | D:3      | Found a white marble altar of Elyvilon.
  1994 | D:3      | Found an iron altar of Okawaru.
  1994 | D:3      | Found a stormy altar of Qazlal.
  2005 | D:3      | Found a blossoming altar of Fedhas.
  2010 | D:3      | Found a shadowy altar of Dithmenos.
  2285 | D:3      | Found a snail-covered altar of Cheibriados.
  2390 | D:3      | Noticed Frank2's ghost (amateur DsGl)
  2391 | D:3      | Found a runed translucent gate.
  2391 | D:3      | Found a runed translucent gate.
  2391 | D:3      | Found a runed translucent gate.
  2392 | D:3      | Found a roughly hewn altar of Beogh.
  2425 | D:3      | Noticed Terence
  2435 | D:3      | Killed Terence
  2435 | D:3      | Reached XP level 5. HP: 31/38 MP: 13/13
  2438 | D:3      | Noticed Grinder
  2462 | D:3      | Paralysed by Grinder for 2 turns
  2470 | D:3      | Killed Grinder
  2470 | D:3      | Reached skill level 5 in Earth Magic
  2470 | D:3      | Reached XP level 6. HP: 21/45 MP: 6/15
  2981 | D:3      | Killed Frank2's ghost
  3117 | D:4      | Found a shattered altar of Ashenzari.
  3198 | D:4      | Reached skill level 1 in Shields
  3204 | D:4      | Reached XP level 7. HP: 7/50 MP: 13/17
  3801 | D:4      | Found a staircase to the Ecumenical Temple.
  4053 | D:4      | Reached skill level 5 in Spellcasting
  4194 | D:5      | Entered Level 5 of the Dungeon
  4449 | D:5      | Found a runed translucent door.
  4450 | D:5      | Noticed Crazy Yiuf
  4504 | D:5      | Reached skill level 6 in Earth Magic
  4527 | D:5      | Noticed Menkaure
  4537 | D:5      | Killed Menkaure
  4765 | D:5      | Reached XP level 8. HP: 31/57 MP: 16/20
  4767 | D:5      | Noticed a +0 dagger
  4768 | D:5      | Noticed a +0 hand axe
  4781 | D:5      | Noticed Ijyb
  4788 | D:5      | HP: 2/57 [Ijyb/puff of flame (5)]
  4790 | D:5      | Killed from afar by Ijyb

Levels and vault maps discovered:
D:1:      shiori_arrival_whats_in_store_for_you, layout_basic
D:2:      layout_rooms, uniq_robin
D:3:      minmay_wonky_spiral, layout_loops_ring, minmay_overflow_temple_hex,
          lemuel_round_altar, biasface_ghost_orc_armoury, tgw_sif, uniq_terence,
          uniq_grinder
D:4:      layout_basic, ashenzari_conservatory_becter,
          minmay_temple_entry_mini_moons, minmay_misc_feat_pillars
D:5:      layout_loops_ring, dancing_weapons_uskayaw, first_ration,
          grunt_ministairs_1, uniq_crazy_yiuf_cottage, uniq_menkaure, uniq_ijyb

Skill      XL: |  1  2  3  4  5  6  7 |
---------------+----------------------+-----
Spellcasting   | 2 3 4 5 |  5.6
Earth Magic    | 3 4 5 6 |  6.4
Shields        | 1 3 |  3.2
Dodging        | |  1.7
Stealth        | |  1.7
Transmutations | |  0.8

Action                   |  1- 3 |  4- 6 |  7- 9 || total
-------------------------+-------+-------+-------++-------
Melee: Unarmed           |    32 |       |       ||    32
       Whip              |       |    88 |    93 ||   181
 Cast: Sandblast         |    58 |    40 |    15 ||   113
       Stone Arrow       |       |     1 |     8 ||     9
  Use: Potion            |     3 |     2 |     5 ||    10
       Scroll            |       |     5 |       ||     5
 Stab: Sleeping          |     3 |     7 |     2 ||    12
  Eat: Chunk             |     1 |     6 |    14 ||    21
       Ration            |       |       |     1 ||     1
Armor: Robe              |    23 |    34 |    23 ||    80
Dodge: Dodged            |    45 |    74 |    58 ||   177
Block: Buckler           |       |       |    30 ||    30
